Map: Frozen Temple

Players

capac

  • Race: Terran Terran
  • League: Gold

LaForge - Winner!

  • Race: Protoss Protoss
  • League: Gold

VOD

Have the link to the VOD?

Description

Time

  • Played on: April 14, 2016, 11:49 a.m.
  • Length: 13:34
Show
View Real Time Build Order
Export as new Build Order

capac Terran 

Build Orders: Reaper Expand 

Get SALT Encoding   

  12  0:00  SCV  
  13  0:13  SCV  
  14  0:19  Supply Depot  
  14  0:25  SCV  
  15  0:40  SCV  
  15  0:42  Barracks  
  16  0:46  Refinery  
  16  0:56  SCV  
  17  1:08  SCV  
  18  1:20  SCV  
  19  1:33  Reaper, Orbital Command  
  20  1:41  Supply Depot  
  20  1:51  Command Center  
  19  2:10  Marine  
  19  2:13  SCV  
  19  2:14  Factory  
  21  2:32  SCV  
  22  2:47  SCV  
  23  2:56  Refinery  
  23  2:59  Factory Tech Lab, SCV  
  23  3:01  Barracks x2  
  23  3:05  Orbital Command  
  24  3:12  Barracks Reactor  
  24  3:15  SCV  
  25  3:27  SCV  
  25  3:29  Siege Tank  
  25  3:33  SCV  
  30  3:39  SCV  
  31  3:48  Starport, SCV  
  32  3:50  Marine  
  32  3:51  SCV  
  32  3:52  Barracks Tech Lab, Marine  
  35  4:00  Marine  
  36  4:04  SCV x2  
  38  4:25  Starport Reactor  
  38  4:28  Siege Tank  
  38  4:29  Marine  
  38  4:30  Marine  
  43  4:31  Barracks Reactor  
  43  4:35  SCV x2  
  45  4:43  Refinery  
  45  4:46  Supply Depot  
  45  4:53  Command Center  
  45  4:56  Marine x3  
  45  4:59  SCV x2  
  50  5:07  Medivac  
  50  5:11  SCV  
  50  5:12  SCV  
  54  5:14  Marine  
  54  5:15  Marine  
  54  5:20  Marine  
  54  5:21  Marine  
  60  5:28  Marauder  
  60  5:31  Stimpack  
  60  5:34  SCV x2  
  62  5:48  Liberator  
  62  5:57  Supply Depot  
  62  6:05  Marine x4, SCV x2  
  71  6:16  Marine  
  71  6:17  SCV x2  
  74  6:18  Siege Tank  
  74  6:24  Engineering Bay  
  77  6:26  Supply Depot, Engineering Bay, Marine x2  
  77  6:27  Marine x2  
  77  6:29  SCV x2  
  77  6:31  Orbital Command  
  83  6:38  Refinery  
  83  6:40  Marine  
  83  6:41  SCV  
  85  6:48  SCV  
  85  6:51  Supply Depot  
  85  6:52  Supply Depot  
  86  6:56  Terran Infantry Weapons Level 1  
  86  6:57  Terran Infantry Armor Level 1  
  86  7:00  SCV  
  86  7:01  SCV  
  88  7:03  SCV  
  88  7:06  Marine x2  
  91  7:15  Marine x3  
  94  7:19  Liberator  
  94  7:20  Liberator  
  94  7:27  Missile Turret  
  99  7:44  SCV x3  
  101  7:54  Missile Turret  
  100  7:59  Marine x2  
  100  8:00  Marine x3  
  100  8:02  Missile Turret  
  105  8:05  Missile Turret  
  102  8:17  Marine, SCV x3  
  106  8:27  Missile Turret  
  106  8:29  Supply Depot, SCV x3  
  106  8:34  Armory  
  109  8:50  Marine x5, SCV x3  
  117  9:01  Barracks  
  117  9:08  Supply Depot, SCV x3  
  117  9:09  Marine x2  
  121  9:10  Supply Depot, Marine x2  
  121  9:11  Marine  
  125  9:20  Barracks  
  125  9:21  Barracks  
  125  9:27  SCV  
  125  9:28  SCV  
  125  9:29  SCV  
  128  9:32  Terran Infantry Weapons Level 2, Terran Infantry Armor Level 2  
  128  9:33  Terran Ship Weapons Level 1  
  110  10:07  Liberator x2  
  110  10:08  SCV x2  
  110  10:09  SCV  
  110  10:10  Barracks Reactor  
  110  10:12  Barracks Tech Lab, Barracks Reactor  
  113  10:15  Barracks  
  113  10:18  Supply Depot, Marine x3  
  113  10:19  Starport, Marine  
  117  10:23  Siege Tank  
  126  10:31  Refinery x2, SCV x3  
  129  10:37  Missile Turret  
  129  10:40  Missile Turret  
  129  10:47  Supply Depot  
  71  11:18  Marine x2  
  71  11:19  Marine x7  
  71  11:20  Marine  
  75  11:25  Medivac  
  75  11:26  Medivac  
  76  11:33  Starport Reactor  
  76  11:35  Medivac  
  76  11:36  Marine  
  76  11:38  Marauder  
  76  11:51  Marine x6  
  76  11:52  Marine x2  
  76  11:59  Marauder  
  61  12:01  Marine  
  61  12:05  Siege Tank  
  59  12:08  Marine  
  59  12:09  Reaper x2, Marine x4  
  59  12:10  Marine  
  54  12:20  Marine  
  56  12:28  Marine x4  
  57  12:34  Command Center  
  57  12:37  Siege Tank  
  57  12:40  Marine  
  60  12:44  Orbital Command  
  60  12:47  Marine x2  
Show
View Real Time Build Order
Export as new Build Order

LaForge Protoss - Winner!

Build Orders: 1 Gate Expand, Blink Stalkers 

Get SALT Encoding   

  12  0:02  Probe (Chrono Boost)  
  13  0:13  Probe (Chrono Boost)  
  14  0:21  Pylon  
  14  0:24  Probe (Chrono Boost)  
  15  0:39  Probe (Chrono Boost)  
  15  0:41  Gateway  
  16  0:44  Assimilator  
  16  0:49  Probe (Chrono Boost)  
  17  1:00  Probe (Chrono Boost)  
  18  1:11  Probe (Chrono Boost)  
  19  1:24  Nexus  
  19  1:42  Cybernetics Core  
  19  1:45  Probe (Chrono Boost)  
  20  1:48  Assimilator  
  20  1:56  Probe (Chrono Boost)  
  21  2:07  Probe (Chrono Boost)  
  21  2:18  Pylon  
  21  2:21  Mothership Core (Chrono Boost)  
  21  2:22  Warp Gate  
  23  2:34  Robotics Facility  
  23  2:46  Adept  
  23  2:47  Probe (Chrono Boost)  
  23  2:48  Probe (Chrono Boost)  
  27  2:58  Probe x2 (Chrono Boost)  
  29  3:01  Twilight Council  
  29  3:08  Probe (Chrono Boost)  
  29  3:09  Probe (Chrono Boost)  
  31  3:14  Stalker  
  33  3:22  Observer  
  34  3:30  Probe x2 (Chrono Boost)  
  36  3:36  Pylon  
  36  3:38  Pylon  
  36  3:40  Probe (Chrono Boost)  
  36  3:41  Probe (Chrono Boost)  
  38  3:46  Blink (Chrono Boost)  
  38  3:50  Probe  
  38  3:52  Probe  
  40  4:01  Observer  
  41  4:09  Probe  
  41  4:10  Probe  
  43  4:17  Gateway  
  43  4:19  Gateway  
  43  4:20  Probe  
  43  4:21  Forge  
  44  4:39  Pylon, Assimilator  
  44  4:41  Assimilator  
  44  4:43  Probe  
  44  4:45  Probe  
  46  4:50  Gateway  
  46  4:51  Gateway  
  46  4:52  Immortal  
  50  4:57  Probe  
  50  4:59  Probe  
  52  5:12  Probe  
  52  5:13  Pylon  
  52  5:14  Probe  
  54  5:15  Protoss Ground Weapons Level 1 (Chrono Boost)  
  54  5:19  Stalker  
  56  5:23  Probe  
  56  5:25  Stalker  
  56  5:26  Probe  
  60  5:29  Charge (Chrono Boost)  
  60  5:43  Immortal  
  64  5:55  Pylon  
  64  5:58  Stalker x2, Pylon  
  64  6:02  Sentry  
  70  6:14  Photon Cannon  
  70  6:16  Photon Cannon  
  69  6:20  Photon Cannon  
  69  6:22  Photon Cannon  
  69  6:27  Warp Prism  
  71  6:35  Stalker x2  
  75  6:42  Templar Archives  
  75  6:52  Zealot x3  
  81  7:10  Nexus  
  81  7:11  Zealot  
  81  7:12  Zealot  
  85  7:17  Protoss Ground Weapons Level 2 (Chrono Boost)  
  85  7:30  Adept  
  85  7:31  Adept x2  
  91  7:41  Pylon  
  91  7:44  Adept, Pylon  
  91  7:47  Pylon  
  89  7:58  High Templar x2  
  93  8:00  High Templar x2, Pylon  
  93  8:03  Pylon  
  97  8:08  Psionic Storm  
  93  8:14  Zealot  
  95  8:21  Immortal  
  95  8:22  Probe x2  
  95  8:26  Probe  
  101  8:31  Assimilator  
  102  8:34  Probe x2  
  102  8:37  Probe  
  105  8:44  High Templar x2  
  105  8:46  Probe  
  110  8:49  Probe  
  110  8:50  Probe  
  110  8:51  Archon  
  112  8:57  Gateway  
  112  8:58  Probe  
  112  8:59  Probe  
  112  9:00  Gateway  
  112  9:02  Probe, Gateway  
  115  9:05  Immortal  
  119  9:10  Probe x2  
  119  9:11  Stalker  
  119  9:15  High Templar  
  119  9:16  High Templar  
  127  9:24  Probe  
  127  9:25  Probe x2, Protoss Ground Weapons Level 3 (Chrono Boost)  
  127  9:26  Assimilator  
  127  9:29  Archon  
  130  9:37  Probe  
  131  9:40  Colossus  
  131  9:46  Adept x2  
  131  9:47  Adept  
  135  10:02  Zealot  
  135  10:03  Zealot  
  131  10:11  High Templar  
  131  10:12  High Templar x3  
  131  10:13  Zealot x2  
  143  10:15  Probe  
  143  10:16  Archon x2  
  144  10:27  Pylon  
  144  10:28  Zealot x2  
  146  10:30  Pylon  
  146  10:33  Pylon  
  148  10:50  Pylon x2  
  114  11:23  Stalker  
  114  11:24  Stalker x6  
  114  11:25  Stalker  
  130  11:37  Immortal  
  128  11:47  Nexus  
  128  11:50  Pylon  
  128  11:51  Archon  
  106  11:54  Pylon  
  100  12:04  High Templar  
  100  12:05  High Templar x6  
  100  12:06  High Templar  
  116  12:08  Probe  
  116  12:09  Probe  
  116  12:10  Probe  
  119  12:17  Immortal  
  113  12:33  Archon x3  
  113  12:34  Archon  
  113  12:38  Stalker x4  
  121  12:51  High Templar  
  121  12:52  High Templar x2  
  121  12:54  Zealot  
  131  13:14  Assimilator  
  131  13:18  Assimilator  
  131  13:19  Pylon  
  131  13:21  Probe x2  
Tags
 
Add a new tag
Caveats
  • Supply blocks, unpowered buildings, or Contaminate may cause inaccurate times.
  • Supply counts are checked every 10 seconds.